 Dungeon Crawl Stone Soup version 0.29.1-13-g9f3cf754e1 (webtiles) character file.

Game seed: 7853605326471154990

834 Hrothgar the Chopper (level 7, -2/57 HPs)
             Began as a Minotaur Gladiator on Jan 23, 2023.
             Was a Believer of the Shining One.
             Succumbed to a water moccasin's poison
             ... on level 7 of the Dungeon.
             The game lasted 00:08:26 (2634 turns).

Hrothgar the Chopper (Minotaur Gladiator)           Turns: 2634, Time: 00:08:27

Health: -2/57      AC:  5    Str: 20 (23) XL:     7   Next: 66%
Magic:  7/7        EV: 13    Int:  3 (6)  God:    the Shining One [**....]
Gold:   123        SH:  0    Dex: 14 (16) Spells: 5/8 levels left

rFire   . . .      SeeInvis .   l - +1 lajatang
rCold   . . .      Faith    .   (shield currently unavailable)
rNeg    + . .      Spirit   .   b - +1 leather armour
rPois   .          Reflect  .   c - +0 hat
rElec   .          Harm     .   (no cloak)
rCorr   .          Rampage  .   (no gloves)
Will    .....                   (no boots)
Stlth   +.........              (no amulet)
HPRegen 0.19/turn               n - +6 ring of dexterity
MPRegen 0.10/turn               (no ring)

@: lethally poisoned (-2 -> -13), slowed, glowing, very slow
A: horns 2, retaliatory headbutt, shaggy fur 1, strong 1
a: Renounce Religion, Divine Shield


You were on level 7 of the Dungeon.
You worshipped the Shining One.
The Shining One was pleased with you.
You visited 1 branch of the dungeon, and saw 7 of its levels.

You collected 123 gold pieces.

Inventory:

Hand Weapons
 a - a +1 war axe
 l - a +1 lajatang (weapon)
Missiles
 d - a curare-tipped dart (quivered)
 e - a javelin
Armour
 b - a +1 leather armour (worn)
 c - a +0 hat (worn)
Jewellery
 n - a +6 ring of dexterity (left hand)
Scrolls
 g - a scroll of immolation
 h - a scroll of teleportation
 j - 2 scrolls of poison
 m - a scroll of blinking
Potions
 k - a potion of brilliance
 o - a potion of flight


   Skills:
 * Level 3.6 Fighting
 * Level 5.8(5.9) Axes
 * Level 1.8(4.8) Polearms
 * Level 3.6(3.9) Staves
 * Level 2.8 Throwing
 * Level 3.0 Armour
 * Level 4.3 Dodging
 * Level 1.9 Stealth
 * Level 1.2 Spellcasting
 * Level 1.2 Transmutations
 * Level 1.0 Poison Magic
 * Level 1.5 Invocations


You had 5 spell levels left.
You knew the following spells:

 Your Spells              Type           Power      Damage    Failure   Level
a - Spider Form           Tmut/Pois      0%         N/A       75%         3

Your spell library contained the following spells:

 Spells                   Type           Power      Damage    Failure   Level
 Stone Arrow              Conj/Erth      0%         3d7       88%         3
 Animate Armour           Summ/Erth      0%         N/A       99%         4
 Alistair's Intoxication  Tmut/Pois      0%         N/A       100%        5
 Irradiate                Conj/Tmut      0%         3d11      100%        5
 Conjure Ball Lightning   Conj/Air       0%         3x3d6     100%        6
 Lehudib's Crystal Spear  Conj/Erth      0%         10d2      100%        8


Dungeon Overview and Level Annotations

Branches:
Dungeon (7/15)             Temple (0/1) D:5

Altars:
Xom
The Shining One

Annotations:
D:7 3 runed translucent doors


Innate Abilities, Weirdness & Mutations

You have a pair of horns on your head.
You reflexively headbutt those who attack you in melee.
You are covered in fur. (AC +1)
Your muscles are strong. (Str +4, Int/Dex -1)


Message History

* * * LOW HITPOINT WARNING * * *
You feel very sick. The water moccasin barely misses you.
The water moccasin closely misses you.
You barely miss the water moccasin.
The water moccasin is moderately wounded.
* * * LOW HITPOINT WARNING * * *
You feel very sick.
The water moccasin barely misses you. x2; The water moccasin misses you.
The water moccasin attacks as you move away!
The water moccasin bites you but does no damage.
You feel less invigorated.
You feel less confused.
You feel sick.
The sky beast flickers out of sight!
Deactivating autopickup; reactivate with Ctrl-A.
The water moccasin bites you but does no damage.
A sky beast appears from thin air!
Reactivating autopickup.
Things that are here:
a +0 whip; a +0 short sword; a kobold corpse You barely miss the water moccasin.
You headbutt the water moccasin!
The water moccasin is heavily wounded.
You feel sick. The water moccasin closely misses you.
The sky beast flickers out of sight!
Deactivating autopickup; reactivate with Ctrl-A.
The water moccasin bites you but does no damage.
You slash the water moccasin!
Your headbutt misses the water moccasin.
The water moccasin is almost dead.
You feel sick. The water moccasin closely misses you. You furiously retaliate!
You headbutt the water moccasin, but do no damage.
The water moccasin bites you but does no damage.
A sky beast appears from thin air!
Reactivating autopickup.
The water moccasin bites you!
* * * LOW HITPOINT WARNING * * *
You are lethally poisoned!
The water moccasin poisons you!
You completely miss the water moccasin. You headbutt the water moccasin.
You kill the water moccasin!
You die...

#..#..... ##..+...$
#...+... # . ...+..
.# .. ..#. .#
..#.###.# ..#
........#######..#
........YKF†@....#.##
.......§K####<.......
......##... #))......
...$.. .##...........
..... .. ...........
........ .#.........
!.....## #.##........
...... # #........
.........


You could see a sky beast, a kobold brigand, a bullfrog and a kobold.

Vanquished Creatures
  A shadow (D:6)
  A water moccasin (D:7)
  A black bear (D:6)
  An ice beast (D:6)
  A kobold brigand (D:7)
  Blork the orc (D:4)
  A bullfrog (D:5)
  A howler monkey (D:5)
  A jelly (D:5)
  3 hounds
  2 iguanas
  5 adders
  A white imp (D:5)
  2 worms
  A dart slug (D:5)
  2 orcs (D:6)
  3 endoplasms
  A giant cockroach (D:2)
  3 goblins
  2 hobgoblins (D:1)
  3 jackals (D:1)
  A quokka (D:3)
  2 ball pythons
  2 frilled lizards (D:3)
  10 kobolds
  A rat (D:3)
53 creatures vanquished.

Notes
Turn   | Place    | Note
-------+----------+-------------------------------------------
     0 | D:1      | Hrothgar the Minotaur Gladiator began the quest for the
                  | Orb.
     0 | D:1      | Reached XP level 1. HP: 18/18 MP: 0/0
   155 | D:1      | Found a faded altar of an unknown god.
   165 | D:1      | Reached XP level 2. HP: 19/25 MP: 1/1
   203 | D:1      | Prayed at the altar of an unknown god.
   203 | D:1      | Became a worshipper of the Shining One
   203 | D:1      | Reached * piety under the Shining One
   371 | D:2      | Reached skill level 4 in Axes
   684 | D:2      | Reached XP level 3. HP: 30/30 MP: 2/2
   989 | D:3      | Reached skill level 1 in Stealth
  1028 | D:3      | Found a shimmering altar of Xom.
  1120 | D:3      | Reached skill level 1 in Armour
  1253 | D:3      | Gained mutation: You are agile. (Dex +4, Str/Int -1)
                  | [potion of mutation]
  1253 | D:3      | Lost mutation: You are agile. (Dex +4, Str/Int -1) [potion
                  | of mutation]
  1253 | D:3      | Gained mutation: You are covered in fur. (AC +1) [potion of
                  | mutation]
  1253 | D:3      | Gained mutation: Your muscles are strong. (Str +4, Int/Dex
                  | -1) [potion of mutation]
  1256 | D:3      | Reached XP level 4. HP: 20/37 MP: 3/3
  1684 | D:4      | Got Yto Taf's Incunabulum of Dynamic Moulding
  1689 | D:4      | Learned a level 3 spell: Spider Form
  1765 | D:4      | Noticed Blork the orc
  1773 | D:4      | Killed Blork the orc
  1774 | D:4      | Reached XP level 5. HP: 44/44 MP: 4/4
  1815 | D:5      | Entered Level 5 of the Dungeon
  1823 | D:5      | Reached skill level 5 in Axes
  2030 | D:5      | Found a staircase to the Ecumenical Temple.
  2120 | D:5      | Reached XP level 6. HP: 30/51 MP: 6/6
  2122 | D:5      | Reached skill level 1 in Polearms
  2122 | D:5      | Reached skill level 1 in Staves
  2328 | D:6      | Reached skill level 1 in Invocations
  2349 | D:6      | Reached skill level 1 in Spellcasting
  2352 | D:6      | Reached XP level 7. HP: 27/57 MP: 7/7
  2533 | D:6      | Reached skill level 1 in Transmutations
  2540 | D:6      | Noticed a shadow
  2551 | D:6      | Killed a shadow
  2552 | D:6      | Reached skill level 1 in Poison Magic
  2619 | D:7      | Reached ** piety under the Shining One
  2621 | D:7      | Found a runed translucent gate.
  2621 | D:7      | Found a runed translucent gate.
  2621 | D:7      | Found a runed translucent gate.
  2633 | D:7      | HP: 2/57 [water moccasin (8)]
  2634 | D:7      | Succumbed to a water moccasin's poison

Illustrated notes

Levels and vault maps discovered:
D:1:      psy_arrival_conway, layout_basic, hellmonk_ecumenical_altar_blasted
D:2:      layout_basic
D:3:      layout_basic, lemuel_doored_altar, serial_shops,
          nicolae_shop_hallway_plus, minmay_statues_item, st_stairs_7
D:4:      layout_basic, mainiacjoe_overflow_tiny_flanked, uniq_blork_the_orc,
          uniq_pargi
D:5:      layout_gridville, minmay_temple_entry_grid
D:6:      layout_cave_pools, uniq_prince_ribbit1, uniq_edmund, uniq_duvessa
D:7:      layout_rooms, general_overflow_altar, serial_bayou,
          serial_bayou_pond_d, serial_bayou_crossing, serial_bayou_pond_d,
          serial_bayou_lagoon_a, gammafunk_ghost_necromancy, grunt_decor_cap

Skill      XL: |  1  2  3  4  5  6  7 |
---------------+----------------------+-----
Axes           | 4 5 |  5.8
Stealth        | 1 |  1.9
Armour         | 1 2 3 |  3.0
Fighting       | 3 |  3.6
Dodging        | 4 |  4.3
Polearms       | 1 |  1.8
Staves         | 2 3 |  3.6
Invocations    | 1 |  1.5
Spellcasting   | 1 |  1.2
Transmutations | 1 |  1.2
Poison Magic   | 1 |  1.0
Throwing       | |  2.8

Action                   |  1- 3 |  4- 6 |  7- 9 || total
-------------------------+-------+-------+-------++-------
Melee: War axe           |    47 |    11 |       ||    58
       Headbutt          |     5 |    12 |     5 ||    22
       Lajatang          |       |    26 |    31 ||    57
Throw: Throwing net      |     1 |     2 |       ||     3
       Javelin           |       |     1 |       ||     1
  Use: Scroll            |     5 |     2 |     2 ||     9
       Potion            |     2 |       |     2 ||     4
Armor: Leather armour    |    14 |    10 |    10 ||    34
Dodge: Dodged            |    36 |    24 |    28 ||    88
